 Dungeon Crawl Stone Soup version 0.20-a0-959-gdc9e609 (webtiles) character file.

53 AlphabetPasta the Skirmisher (level 3, -1/37 HPs)
             Began as an Ogre Skald on Apr 6, 2017.
             Succumbed to an adder's poison
             ... on level 2 of the Dungeon.
             The game lasted 00:06:19 (1449 turns).

AlphabetPasta the Skirmisher (Ogre Skald)           Turns: 1449, Time: 00:06:20

Health: -1/37      AC:  4    Str: 15    XL:     3   Next: 89%
Magic:  4/7        EV: 10    Int: 15    God:
Gold:   81         SH:  0    Dex:  8    Spells: 0/8 levels left

rFire    + . .     SeeInvis .   a - +0 mace
rCold    + . .     Gourm    .   (no shield)
rNeg     . . .     Faith    .   b - +0 robe
rPois    +         Spirit   .   (helmet restricted)
rElec    +         Reflect  .   k - +0 cloak
rCorr    +         Harm     .   (gloves unavailable)
MR       .....                  (boots unavailable)
Stlth    +.........             (no amulet)
Regen    0.2/turn               (no ring)
MPRegen  0.1/turn               (no ring)

@: lethally poisoned (-1 -> -16), resistant, infused (expiring), flying, very
slightly contaminated, invisible
A: unfitting armour, tough skin 1
a: no special abilities


You were on level 2 of the Dungeon.
You were hungry.

You visited 1 branch of the dungeon, and saw 2 of its levels.

You collected 81 gold pieces.

Inventory:

Hand Weapons
 a - a +0 mace (weapon)
Missiles
 l - 41 bolts
Armour
 b - a +0 robe (worn)
 k - a +0 cloak (worn)
Scrolls
 e - a scroll of remove curse
Potions
 g - a potion of agility
 j - a potion of invisibility
Books
 c - a book of Battle

   Spells                             Type                      Level
   a - Infusion                       Charms                       1
   b - Shroud of Golubria             Charms/Translocation         2
   c - Song of Slaying                Charms                       2
   d - Spectral Weapon                Hexes/Charms                 3
   e - Regeneration                   Charms/Necromancy            3
Comestibles
 d - a bread ration
 i - a meat ration
 m - a royal jelly


   Skills:
 + Level 3.2 Fighting
 * Level 2.1 Maces & Flails
 + Level 2.3 Dodging
 + Level 3.2 Spellcasting
 * Level 3.2 Charms


You couldn't memorise any spells.
You knew the following spells:

 Your Spells              Type           Power        Failure   Level  Hunger
a - Infusion              Chrm           ##..         6%          1    #......
b - Song of Slaying       Chrm           ##......     10%         2    ##.....
c - Shroud of Golubria    Chrm/Tloc      #.........   17%         2    ##.....
d - Regeneration          Chrm/Necr      #.........   34%         3    ###....


Dungeon Overview and Level Annotations

Branches:
Dungeon (2/15)

Altars:
Nemelex Xobeh


Innate Abilities, Weirdness & Mutations

You are too large for most types of armour.
You have tough skin. (AC +1)


Message History

* * * LOW HITPOINT WARNING * * *
You feel sick. The adder misses you.
You hit the adder.
The adder is heavily wounded.
* * * LOW HITPOINT WARNING * * *
You feel sick. The adder bites you.
* * * LOW HITPOINT WARNING * * *
You are more poisoned.
The adder poisons you! The adder barely misses you.
You thump the adder!
You kill the adder!
* * * LOW HITPOINT WARNING * * *
You feel sick.
* * * LOW HITPOINT WARNING * * *
You feel sick.
There is an open door here.
* * * LOW HITPOINT WARNING * * *
You feel sick.
You feel protected.
You die...

**,*,,,,,,,,,** *,*
**.*********,* *,* ,,.## *,*
*,* **#.#* ##+## *,* ,,...*
##...## *,*## *##.#* ##.....##
*,..# ##..# ##.......## *#..#
#...####.........####...####**
.......'........@'..........,*
....####...<.....####...####,*
##....###.......## *...# *,*
#..#.# ##.....## *.#.#***,*
##..#.# ##(..## *.#...**,*
....#.# ##+## *.#*#.#*,*
....#.# *,* **.#**l#*,*
##.##.# *,* **,..,,,#*,*
##.#*.# **,******,,,,,,,,,,*


There were no monsters in sight!

Vanquished Creatures
  3 adders (D:2)
  2 dart slugs
  3 bats
  4 goblins
  4 hobgoblins
  A ball python (D:2)
  2 frilled lizards (D:1)
  2 kobolds
  3 rats (D:1)
24 creatures vanquished.

Vanquished Creatures (others)
  A frilled lizard (D:1)
1 creature vanquished.

Grand Total: 25 creatures vanquished

Notes
Turn   | Place    | Note
-------+----------+-------------------------------------------
     0 | D:1      | AlphabetPasta the Ogre Skald began the quest for the Orb.
     0 | D:1      | Reached XP level 1. HP: 22/22 MP: 3/3
   468 | D:1      | Reached XP level 2. HP: 31/31 MP: 5/5
   475 | D:1      | Learned a level 2 spell: Song of Slaying
   478 | D:1      | Learned a level 2 spell: Shroud of Golubria
   940 | D:2      | Found a sparkling altar of Nemelex Xobeh.
   986 | D:2      | Reached XP level 3. HP: 24/37 MP: 7/7
  1363 | D:2      | Learned a level 3 spell: Regeneration
  1448 | D:2      | HP: 1/37 [poisoned by an adder]
  1449 | D:2      | Succumbed to an adder's poison

Vault maps used:
D:1:      wheals_arrival_linesprint, lemuel_flame_loot_1
D:2:      nemelex_xobeh_ov_fountains_minmay, hangedman_decor_growths,
          minmay_tetromino_o2

Skill      XL: |  1  2  3 |
---------------+----------+-----
Fighting       | 3 |  3.2
Charms         | 3 |  3.2
Maces & Flails | 2 |  2.1
Spellcasting   | 3 |  3.2
Dodging        | |  2.3

Action                   || total
-------------------------++-------
Melee: Mace              ||    84
 Cast: Infusion          ||     5
  Use: Scroll            ||     5
       Potion            ||     3
  Eat: Chunk             ||     1
Armor: Robe              ||    33
Dodge: Dodged            ||    52
